 Dungeon Crawl Stone Soup version 0.27.0-1-g7a089689b8 (webtiles) character file.

Game seed: 9228284015709917073

437 sakkuzi the Ducker (level 6, -1/48 HPs)
             Began as a Demonspawn Gladiator on Aug 13, 2021.
             Slain by Natasha (3 damage)
             ... on level 4 of the Dungeon.
             The game lasted 00:09:26 (4008 turns).

sakkuzi the Ducker (Demonspawn Gladiator)           Turns: 4008, Time: 00:09:26

Health: -1/48      AC:  3    Str: 16    XL:     6   Next: 69%
Magic:  6/6        EV: 10    Int:  9    God:
Gold:   170        SH:  7    Dex: 15    Spells: 5/5 levels left

rFire    . . .     SeeInvis .     - Unarmed
rCold    . . .     Faith    .   m - +0 kite shield
rNeg     . . .     Spirit   .   b - +0 leather armour
rPois    .         Reflect  .   (helmet restricted)
rElec    .         Harm     .   (no cloak)
rCorr    .         Rampage  .   (no gloves)
Will     .....                  (no boots)
Stlth    +.........             (no amulet)
HPRegen  0.16/turn              (no ring)
MPRegen  0.20/turn              (no ring)

@: no status effects
A: claws 2, horns 1, talons 1, magic regeneration
a: no special abilities


You were on level 4 of the Dungeon.
You visited 1 branch of the dungeon, and saw 4 of its levels.

You collected 170 gold pieces.


Innate Abilities, Weirdness & Mutations

You have very sharp fingernails.
You have a pair of small horns on your head.
You have sharp toenails.
You regenerate magic rapidly.


   Skills:
 + Level 3.9 Fighting
 - Level 3.9 Polearms
 - Level 1.7 Throwing
 + Level 4.1 Dodging
 * Level 3.2 Unarmed Combat


You had 5 spell levels left.
You didn't know any spells.
Your spell library contained the following spells:

 Spells                   Type           Power      Damage    Failure   Level
 Animate Skeleton         Necr           0%         N/A       98%         1
 Apportation              Tloc           0%         N/A       98%         1
 Corona                   Hex            0%         N/A       98%         1
 Summon Small Mammal      Summ           0%         N/A       98%         1

Inventory:

Hand Weapons
 a - a +0 dagger {short}
   (You took it off a goblin on level 3 of the Dungeon)
 k - a +3 dagger {short}
   (You took it off a goblin on level 1 of the Dungeon)
 r - a +0 whip {mace}
   (You found it on level 3 of the Dungeon)
 u - a +0 mace {mace}
   (You took it off an orc on level 4 of the Dungeon)
 v - a +0 dagger {short}
   (You took it off a kobold on level 4 of the Dungeon)
 w - a +0 club {mace}
   (You took it off a goblin on level 4 of the Dungeon)
 x - a +0 dagger {short}
   (You took it off an orc on level 4 of the Dungeon)
 y - a +0 flail {mace}
   (You took it off an orc on level 4 of the Dungeon)
Missiles
 d - 3 throwing nets (quivered) {=f!fthrowing}
 e - 141 stones {throwing}
 f - 22 arrows
 i - 29 poisoned darts {throwing}
Armour
 b - a +0 leather armour (worn)
 c - a +0 helmet
 l - a +0 helmet
   (You found it on level 1 of the Dungeon)
 m - a +0 kite shield (worn)
   (You found it on level 1 of the Dungeon)
Jewellery
 s - an amulet of magic regeneration {@e2}
   (You found it on level 3 of the Dungeon)
Scrolls
 h - 2 scrolls of amnesia {unknown}
 n - 6 scrolls of identify {@r1}
 o - 2 scrolls of noise {unknown}
 z - a scroll of enchant armour {unknown}
 A - a scroll of teleportation {unknown}
Potions
 g - a potion of haste {unknown}
 j - 2 potions of degeneration {!q@e2}
 p - 2 potions of attraction {unknown}
 q - a potion of curing {unknown}
 t - a potion of flight {unknown}

Dungeon Overview and Level Annotations

Branches:
Dungeon (4/15)
 Temple: D:4-7

Altars:
Cheibriados

Shops:
D:2 :

Annotations:
D:4 Grinder, Natasha

#.......#......#
#.......#......#
#.......#......#
####......#......#
...........#.###.#
##.........#.....#
#.........#).##.#
#.........#..##5#
#.....###.#..##@#
#.....# #.#...#h#
#.....# #.#.#.#5#
#.....# #.#.#...#
#.....# #.#.##..#
####### #.# #..#
#.#............
#.#.##..######. #
##.#


You could see Grinder, Natasha and a crimson imp (summoned).


Message History

😮 HP[-8]
You take 8 damage, and now have 35/48 hp.
You scratch the iguana.
You kill the iguana!
You see here an iguana corpse.
You see here an iguana corpse.
A water moccasin zombie comes into view. 😎 HP[+13]
Your hp is fully restored (48).
You block the water moccasin zombie's attack.
You closely miss the water moccasin zombie.
You block the water moccasin zombie's attack.
You scratch the water moccasin zombie. You claw the water moccasin zombie.
Your headbutt misses the water moccasin zombie.
The water moccasin zombie bites you.
You block the water moccasin zombie's attack. 😕 HP[-4]
You take 4 damage, and now have 44/48 hp.
You claw the water moccasin zombie! You claw the water moccasin zombie.
The water moccasin zombie closely misses you.
You claw the water moccasin zombie! You headbutt the water moccasin zombie.
You destroy the water moccasin zombie!
Your Unarmed Combat skill increases to level 3!
Grinder comes into view.
Grinder shouts!
Grinder blinks!
Grinder moves out of view. 😎 HP[+4]
Your hp is fully restored (48).
Natasha, Servant of Life and Death comes into view.
Natasha stares at you and mumbles some strange words.
You feel yourself slow down. Natasha barely misses you.
You closely miss Natasha. You claw Natasha. Your headbutt misses Natasha.
Natasha wildly gestures.
Natasha's front paws start to glow.
Natasha claws you.
Natasha mewls in sadness.
Natasha mumbles some strange words. 😕 HP[-6]
You take 6 damage, and now have 42/48 hp.
You closely miss Natasha. You headbutt Natasha, but do no damage.
Grinder blinks!
Natasha claws you but does no damage.
Grinder blinks!
Natasha claws you but does no damage. The shadow imp hits you.
Grinder blinks!
You block the shadow imp's attack. Natasha claws you. 😮 HP[-7]
You take 7 damage, and now have 35/48 hp.
Natasha mumbles some strange words. 😮 HP[+1]
The shadow imp misses you. Grinder says, "Are you a fish?"
Natasha wildly gestures.
You feel disoriented. Natasha casts a spell at you. The magic dart hits you.
Grinder blinks!
Natasha howls an incantation.
You feel disoriented. 😮 HP[-5]
You take 5 damage, and now have 31/48 hp.
The shadow imp barely misses you.
You scratch the shadow imp.
You headbutt the shadow imp, but do no damage.
The shadow imp hits you but does no damage.
Natasha mumbles some strange words.
You block the shadow imp's attack. 😮 HP[+1]
You claw the shadow imp!
You kill the shadow imp!
The crimson imp blinks!
Grinder blinks!
The crimson imp hits you. 😮 HP[-1]
You take 1 damage, and now have 31/48 hp.
You miss the crimson imp. The crimson imp hits you.
The crimson imp hits you but does no damage. 😮 HP[-2]
You take 2 damage, and now have 29/48 hp.
You claw the crimson imp! You headbutt the crimson imp.
The crimson imp blinks! x2
You block Natasha's attack. 😮 HP[+1]
You scratch Natasha. You claw Natasha, but do no damage.
You feel yourself speed up. Grinder gestures at you.
Pain shoots through your body!
* * * LOW HITPOINT WARNING * * *
Natasha claws you.
* * * LOW HITPOINT WARNING * * *
The crimson imp blinks!
Natasha claws you!
* * * LOW HITPOINT WARNING * * *
😱 HP[-24]
You take 24 damage, and now have 6/48 hp.
MASSIVE DAMAGE!! (PAUSE)
Okay, then.
As you read the scroll labelled XITAGIC FOTSA, it crumbles to dust.
It is a scroll of identify.
j - 2 potions of degeneration Grinder hits you.
* * * LOW HITPOINT WARNING * * *
You writhe in agony.
* * * LOW HITPOINT WARNING * * *
Natasha claws you.
You die...

Skill      XL: |  1  2  3  4  5  6 |
---------------+-------------------+-----
Polearms       | 3 |  3.9
Dodging        | 3 4 |  4.1
Fighting       | 3 |  3.9
Unarmed Combat | 1 2 3 |  3.2
Throwing       | |  1.7

Action                   |  1- 3 |  4- 6 || total
-------------------------+-------+-------++-------
Melee: Trident           |    99 |    44 ||   143
       Kick              |    12 |    47 ||    59
       Unarmed           |       |    96 ||    96
       Headbutt          |       |    10 ||    10
  Use: Scroll            |       |     1 ||     1
Armor: Leather armour    |    33 |    48 ||    81
Dodge: Dodged            |    52 |    56 ||   108
Block: Kite shield       |    16 |    61 ||    77

Levels and vault maps discovered:
D:1:      heliophobic_arrival_enchanted_forest, layout_basic,
          hellmonk_ecumenical_altar_lost_god
D:2:      layout_rooms, basic_altar, serial_shops, shop, minmay_misc_feat_cross,
          uniq_jessica
D:3:      layout_basic
D:4:      layout_basic, temple_hall, uniq_natasha, uniq_grinder

Notes
Turn   | Place    | Note
-------+----------+-------------------------------------------
     0 | D:1      | sakkuzi the Demonspawn Gladiator began the quest for the
                  | Orb.
     0 | D:1      | Reached XP level 1. HP: 16/16 MP: 1/1
     0 | D:1      | magus.rc [v1.9.6]
   128 | D:1      | Reached skill level 3 in Polearms
   129 | D:1      | Found a faded altar of an unknown god.
   146 | D:1      | Gained mutation: You regenerate magic rapidly. [demonic
                  | ancestry]
   146 | D:1      | Reached XP level 2. HP: 11/22 MP: 2/2
   834 | D:1      | Reached skill level 3 in Dodging
   933 | D:1      | You feel monstrous as your demonic heritage exerts itself.
   933 | D:1      | Gained mutation: You have sharp toenails. [demonic
                  | ancestry]
   933 | D:1      | Reached XP level 3. HP: 11/28 MP: 3/3
  1813 | D:2      | Noticed Jessica
  1824 | D:2      | Killed Jessica
  1825 | D:2      | Gained mutation: You have sharp fingernails. [demonic
                  | ancestry]
  1825 | D:2      | Reached XP level 4. HP: 31/34 MP: 4/4
  1889 | D:2      | Found Ugairo Sune's Book Boutique.
  1954 | D:2      | Found a snail-covered altar of Cheibriados.
  2831 | D:3      | Reached skill level 3 in Fighting
  3155 | D:4      | Reached skill level 1 in Unarmed Combat
  3155 | D:4      | Gained mutation: You have a pair of small horns on your
                  | head. [demonic ancestry]
  3155 | D:4      | Reached XP level 5. HP: 31/41 MP: 5/5
  3246 | D:4      | You pick up a book of Cantrips and begin reading...
  3246 | D:4      | You add the spells Corona, Animate Skeleton, Summon Small
                  | Mammal and Apportation to your library.
  3353 | D:4      | Reached skill level 2 in Unarmed Combat
  3357 | D:4      | Gained mutation: You have very sharp fingernails. [demonic
                  | ancestry]
  3357 | D:4      | Reached XP level 6. HP: 31/47 MP: 6/6
  3626 | D:4      | Reached skill level 4 in Dodging
  3926 | D:4      | Reached skill level 3 in Unarmed Combat
  3990 | D:4      | Noticed Grinder
  3991 | D:4      | Noticed Natasha
  4007 | D:4      | HP: 6/48 [Natasha (7)]
  4008 | D:4      | HP: 2/48 [Grinder (3)]
  4008 | D:4      | Slain by Natasha

Vanquished Creatures
  A phantom (D:4)
  A water moccasin zombie (D:4)
  A jelly (D:4)
  2 hounds (D:4)
  A centaur skeleton (D:4)
  Jessica (D:2)
  An iguana (D:4)
  2 hound skeletons
  2 adders
  4 worms
  2 dart slugs
  3 orcs (D:4)
  8 bats
  5 endoplasms
  4 giant cockroaches
  7 goblins
  9 hobgoblins
  6 jackals
  3 ball pythons
  3 frilled lizards
  5 kobolds
  7 rats
78 creatures vanquished.

Table legend:
 A = Non-vault XP
 B = Vault XP
 C = Vault XP percentage of total XP
 D = Non-vault monster count
 E = Vault monster count
 F = Vault count percentage of total count
                 A         B        C        D         E       F
            +---------+---------+-------+---------+---------+-------
      Total |     588 |      37 |   5.9 |      77 |       1 |   1.3
            +---------+---------+-------+---------+---------+-------
        D:1 |      51 |       0 |   0.0 |      28 |       0 |   0.0
        D:2 |      61 |      37 |  37.8 |      23 |       1 |   4.2
        D:3 |      37 |       0 |   0.0 |       9 |       0 |   0.0
        D:4 |     439 |       0 |   0.0 |      17 |       0 |   0.0
            +---------+---------+-------+---------+---------+-------

Illustrated notes

Table legend:
 A = Kills in this place as a percentage of kills in entire the game.
 B = Kills by you in this place as a percentage of kills by you in the entire game.
 C = Kills by friends in this place as a percentage of kills by friends in the entire game.
 D = Other kills in this place as a percentage of other kills in the entire game.
 E = Experience gained in this place as a percentage of experience gained in the entire game.
 F = Experience gained in this place divided by the number of levels of this place that you have seen.
                   A       B       C       D       E      F
               +-------+-------+-------+-------+-------+----------------------
         Total | 100.0 | 100.0 |   N/A |   N/A | 100.0 | 156.2
       Dungeon | 100.0 | 100.0 |   N/A |   N/A | 100.0 | 156.2
               +-------+-------+-------+-------+-------+----------------------

Table legend: (Time is in decaauts)
 A = Elapsed time spent in this place.
 B = Non-inter-level travel time spent in this place.
 C = Inter-level travel time spent in this place.
 D = Time resting spent in this place.
 E = Time spent auto-exploring this place.
 F = Levels seen in this place.
 G = Mean time per level.
                   A        B        C        D        E       F      G
               +--------+--------+--------+--------+--------+-----+--------+
         Total |   4085 |   4015 |     70 |    419 |   2599 |   4 | 1021.2 |
       Dungeon |   4085 |   4015 |     70 |    419 |   2599 |   4 | 1021.2 |
               +--------+--------+--------+--------+--------+-----+--------+

Top non-repeatable levels by time:
     D:1: 1537 daAuts
     D:4: 950 daAuts
     D:2: 845 daAuts
     D:3: 752 daAuts
